 Dungeon Crawl Stone Soup version 0.20.0-8-g6b59dc7 (webtiles) character file.

60872 Faca the Severer (level 14, -18/133 HPs)
             Began as a Minotaur Berserker on May 31, 2017.
             Was the Champion of Trog.
             Demolished by a stone giant (27 damage)
             ... on level 1 of the Orcish Mines.
             The game lasted 01:11:46 (23746 turns).

Faca the Severer (Minotaur Berserker)              Turns: 23746, Time: 01:11:47

Health: -18/133    AC: 21    Str: 22    XL:     14   Next: 58%
Magic:  4/4        EV:  8    Int:  4    God:    Trog [******]
Gold:   1591       SH:  0    Dex: 15    Spells: 13/13 levels left

rFire    . . .     SeeInvis .   K - +4 executioner's axe (antimagic)
rCold    + . .     Gourm    .   (shield currently unavailable)
rNeg     . . .     Faith    +   o - +0 plate armour
rPois    +         Spirit   .   (helmet restricted)
rElec    .         Reflect  .   H - +1 cloak {+Inv}
rCorr    .         Harm     .   v - +0 pair of gloves
MR       +....                  (no boots)
Stlth    ..........             p - amulet of Grontol {Faith rPois rC+}
Regen    0.4/turn               F - ring of flight
MPRegen  0.1/turn               (no ring)

@: no status effects
A: retaliatory headbutt, horns 2
a: Berserk, Trog's Hand, Brothers in Arms, Burn Spellbooks, Renounce Religion,
Evoke Invisibility, Evoke Flight


You were on level 1 of the Orcish Mines.
You worshipped Trog.
Trog was exalted by your worship.
You were not hungry.

You visited 3 branches of the dungeon, and saw 20 of its levels.
You also visited: Ice Cave.

You collected 1591 gold pieces.

Inventory:

Hand Weapons
 x - the +6 flail "Hocuol" {drain, Dex+4}
   (You found it on level 6 of the Dungeon)

   A truly terrible weapon, it drains the life of those it strikes.
   It affects your dexterity (+4).
 K - a +4 antimagic executioner's axe (weapon)
 L - the +4 shortbow of the Evil Eye {freeze, Int+4, unknown}
   (You found it on level 2 of the Lair of Beasts)

   It causes projectiles fired from it to freeze those they strike, causing
   extra injury to most foes and up to half again as much damage against
   particularly susceptible opponents.
   They can also slow down cold-blooded creatures.
   It affects your intelligence (+4).
Armour
 o - a +0 plate armour (worn)
 v - a +0 pair of gloves (worn)
 H - a +1 cloak of invisibility (worn)
Jewellery
 p - the amulet of Grontol (around neck) {Faith rPois rC+}
   (You found it on level 12 of the Dungeon)

   [amulet of faith]

   It allows you to gain divine favour quickly.
   It protects you from cold.
   It protects you from poison.
 F - a ring of flight (left hand)
Wands
 a - a wand of disintegration (22/24)
 l - a wand of digging (6/24)
 A - a wand of scattershot (6/9)
Scrolls
 g - 2 scrolls of enchant armour
 j - 7 scrolls of remove curse
 n - 10 scrolls of teleportation
 q - 4 scrolls of fear
 u - 3 scrolls of enchant weapon
 w - a scroll of recharging
 y - a scroll of magic mapping
 C - 2 scrolls of summoning
 D - a scroll of brand weapon
 E - a scroll of fog
 G - a scroll of acquirement
 J - a scroll of blinking
Potions
 d - 3 potions of haste
 e - a potion of flight
 f - 5 potions of might
 h - 7 potions of brilliance
 i - 5 potions of heal wounds
 k - 3 potions of berserk rage
 m - 2 potions of mutation
 r - 2 potions of ambrosia
 s - 3 potions of lignification
 t - 7 potions of curing
 B - 5 potions of agility
 I - a potion of cancellation
Comestibles
 b - 12 meat rations
 c - 8 bread rations
 z - 3 royal jellies


   Skills:
 + Level 14.6 Fighting
 + Level 20.5 Axes
 + Level 3.4(14.3) Maces & Flails
 + Level 14.9 Armour
 - Level 2.1 Dodging
 + Level 0.6 Evocations


You had 13 spell levels left.
You didn't know any spells.

Dungeon Overview and Level Annotations

Branches:
Dungeon (13/15)            Temple (0/1) D:5            Lair (6/6) D:11
 Shoals (0/4) Lair:3       Spider (0/4) Lair:4        Slime (0/5) Lair:6
    Orc (1/2) D:10         Vaults (0/5) D:13

Altars:
Cheibriados
Elyvilon
Fedhas
Gozag
Hepliaklqana
Kikubaaqudgha
Makhleb
Ru
Sif Muna
Trog
Vehumet
Xom
Yredelemnul
Zin

Portals:
Hell: Lair:6

Annotations:
D:13 Azrael


Innate Abilities, Weirdness & Mutations

You reflexively headbutt those who attack you in melee.
You have a pair of horns on your head.


Message History

You slice the stone giant!!
The stone giant is moderately wounded.
The stone giant hits you!!
You hit the stone giant but do no damage.
The stone giant is moderately wounded.
The stone giant hits you!!
You slice the stone giant!! Your headbutt misses the stone giant.
The stone giant is heavily wounded.
You slash the stone giant!
The stone giant is severely wounded.
The stone giant hits you!
* * * LOW HITPOINT WARNING * * *
You slash the stone giant!
The stone giant is severely wounded.
The stone giant hits you!!
* * * LOW HITPOINT WARNING * * *
You hit the stone giant but do no damage.
The stone giant is severely wounded.
The stone giant hits you!!
You die...

#.#..............#
.................##
................#.##
...................#
...........<>.....#
#................#
##.##..............#
#.....C#)(.........#
#..$$.@(.......$..#
#................##
#................#
#..................
#......$#.........#
..................
...$........#.##.
...#....#.#.###


You could see a stone giant.

Vanquished Creatures
  3 dire elephants (Lair:6)
  The ghost of mordus the Spear-Bearer, a journeyman DrBe of Trog (D:10)
  4 hydras
  Erolcha (D:9)
  5 two-headed ogres
  2 dancing weapons (D:12)
  A centaur warrior (D:13)
  A sixfirhy (Lair:6)
  An unseen horror (D:13)
  A wizard (Lair:6)
  Pikel (D:7)
  A cyclops (D:11)
  4 ugly things
  A necromancer (IceCv)
  13 elephants
  Maurice (D:12)
  4 centaur zombies
  A black mamba (Lair:6)
  4 ice statues (IceCv)
  A manticore (D:13)
  Psyche (D:12)
  A torpor snail (Lair:6)
  2 gargoyles (D:12)
  8 spiny frogs
  4 orange demons (Lair:6)
  3 centaur skeletons
  A smoke demon (Lair:6)
  13 rime drakes
  5 komodo dragons
  6 ice devils (IceCv)
  2 red devils (Lair:6)
  A hornet (D:12)
  6 blink frogs
  9 slime creatures
  Grinder (D:4)
  A snapping turtle (Lair:3)
  11 hippogriffs
  Sigmund (D:2)
  2 redbacks (Lair:4)
  A shadow (D:11)
  2 wyverns
  A human (D:12)
  3 hogs (D:12)
  2 wraiths
  28 yaks
  A fire elemental (D:13)
  11 steam dragons (Lair:2)
  6 basilisks
  Menkaure (D:5)
  2 soldier ants
  An acid dragon (D:10)
  16 water moccasins
  6 hell hounds
  7 porcupines
  4 black bears
  10 orc warriors
  2 ice beasts (D:10)
  5 sky beasts
  A necrophage (D:11)
  4 wolves (Lair:6)
  8 phantoms
  4 ogres
  2 centaurs
  13 crocodiles
  12 bullfrogs
  3 big kobolds
  A wyvern skeleton (D:11)
  3 scorpions
  4 killer bees (D:10)
  10 wights
  3 electric eels (Lair:3)
  A howler monkey (D:4)
  3 crimson imps
  A bullfrog zombie (D:11)
  4 hounds
  A quasit (D:9)
  A draconian simulacrum (IceCv)
  2 bullfrog skeletons
  4 orc priests
  4 jellies
  12 orc wizards
  3 iguanas
  4 troll simulacra (IceCv)
  9 worker ants
  A spriggan simulacrum (IceCv)
  A centaur simulacrum (IceCv)
  2 hound zombies
  2 hound skeletons
  A worker ant zombie (D:6)
  Robin (D:3)
  10 adders
  A howler monkey skeleton (D:9)
  A naga simulacrum (IceCv)
  2 ogre simulacra (IceCv)
  2 shadow imps (D:13)
  6 oozes
  A worm (D:3)
  A dart slug (D:3)
  4 leopard geckos
  45 orcs
  8 bats
  2 giant cockroaches (D:3)
  19 goblins
  8 hobgoblins
  6 jackals
  8 quokkas
  2 ball pythons
  A ball python skeleton (D:4)
  5 frilled lizards
  25 kobolds
  A quokka skeleton (D:7)
  7 rats
  3 fungi
  6 plants
537 creatures vanquished.

Vanquished Creatures (others)
  A slave (D:9)
  6 fungi
  7 plants
14 creatures vanquished.

Grand Total: 551 creatures vanquished

Notes
Turn   | Place    | Note
-------+----------+-------------------------------------------
     0 | D:1      | Faca the Minotaur Berserker began the quest for the Orb.
     0 | D:1      | Reached XP level 1. HP: 19/19 MP: 0/0
    78 | D:1      | Reached XP level 2. HP: 9/27 MP: 1/1
   382 | D:1      | Reached skill level 4 in Axes
  1034 | D:2      | Noticed Sigmund
  1092 | D:2      | Reached XP level 3. HP: 33/34 MP: 2/2
  1228 | D:2      | Found a hazy altar of Hepliaklqana.
  1271 | D:2      | Reached ** piety under Trog
  1518 | D:2      | Killed Sigmund
  1518 | D:2      | Reached skill level 5 in Fighting
  1518 | D:2      | Reached skill level 5 in Axes
  1518 | D:2      | Reached XP level 4. HP: 44/44 MP: 3/3
  1518 | D:2      | Reached XP level 5. HP: 50/50 MP: 4/4
  1649 | D:3      | Found a glowing silver altar of Zin.
  1832 | D:3      | Found a bloodstained altar of Trog.
  1858 | D:3      | Reached XP level 6. HP: 43/57 MP: 5/5
  1860 | D:3      | Reached skill level 6 in Axes
  2106 | D:3      | Noticed Robin
  2117 | D:3      | Reached *** piety under Trog
  2123 | D:3      | Killed Robin
  2221 | D:3      | Found an ancient bone altar of Kikubaaqudgha.
  2581 | D:4      | Reached skill level 7 in Axes
  2606 | D:4      | Found a hazy altar of Hepliaklqana.
  2822 | D:4      | Noticed Grinder
  2830 | D:4      | Paralysed by Grinder for 5 turns
  2844 | D:4      | Paralysed by Grinder for 4 turns
  2860 | D:4      | Killed Grinder
  2860 | D:4      | Reached XP level 7. HP: 19/64 MP: 6/6
  3184 | D:5      | Entered Level 5 of the Dungeon
  3306 | D:5      | Noticed Menkaure
  3321 | D:5      | Killed Menkaure
  3321 | D:5      | Reached skill level 8 in Axes
  3321 | D:5      | Reached skill level 5 in Armour
  3804 | D:5      | Found a staircase to the Ecumenical Temple.
  4545 | D:6      | Reached XP level 8. HP: 61/71 MP: 7/7
  4573 | D:6      | Reached skill level 9 in Axes
  4634 | D:6      | Found a blossoming altar of Fedhas.
  4732 | D:6      | Reached **** piety under Trog
  5096 | D:6      | Got an ichor-stained flail
  5115 | D:6      | Identified the +6 flail "Hocuol" {drain, Dex+4} (You found it on level 6 of the Dungeon)
  5229 | D:6      | Reached skill level 10 in Axes
  5935 | D:7      | Found a deep blue altar of Sif Muna.
  5940 | D:7      | Reached XP level 9. HP: 75/79 MP: 8/8
  6020 | D:7      | Found an opulent altar of Gozag.
  6227 | D:7      | Noticed Pikel
  6240 | D:7      | Killed Pikel
  6442 | D:8      | Noticed a two-headed ogre
  6451 | D:8      | Killed a two-headed ogre
  6451 | D:8      | Reached skill level 11 in Axes
  6741 | D:8      | Reached skill level 12 in Axes
  7043 | D:8      | Found a basalt altar of Yredelemnul.
  7043 | D:8      | Found a shimmering altar of Xom.
  7046 | D:8      | Reached XP level 10. HP: 90/90 MP: 9/9
  7057 | D:8      | Found a snail-covered altar of Cheibriados.
  7059 | D:8      | Found a radiant altar of Vehumet.
  7061 | D:8      | Found a white marble altar of Elyvilon.
  7236 | D:9      | Reached ***** piety under Trog
  7498 | D:9      | Reached skill level 13 in Axes
  7501 | D:9      | Received a gift from Trog
  7501 | D:9      | Reached skill level 10 in Armour
  7516 | D:9      | Noticed Erolcha
  7521 | D:9      | Killed Erolcha
  7720 | D:9      | Identified a scroll of acquirement
  7863 | D:10     | Entered Level 10 of the Dungeon
  8053 | D:10     | Received a gift from Trog
  8068 | D:10     | Reached skill level 14 in Axes
  8591 | D:10     | Found a staircase to the Orcish Mines.
  8731 | D:10     | Found a transporter.
  8736 | D:10     | Noticed mordus's ghost (journeyman DrBe)
  8781 | D:10     | Noticed a deep elf knight
  8782 | D:10     | Noticed a deep elf knight
  8782 | D:10     | Noticed a deep elf knight
  8796 | D:10     | Killed mordus's ghost
  9011 | D:10     | Found a transporter.
  9900 | D:10     | Reached XP level 11. HP: 99/99 MP: 10/10
 10132 | D:11     | Noticed a two-headed ogre
 10148 | D:10     | Reached skill level 10 in Fighting
 10478 | D:11     | Killed a two-headed ogre
 10666 | D:11     | Found a staircase to the Lair.
 11155 | D:11     | Noticed a cyan ugly thing
 11169 | D:11     | Killed a cyan ugly thing
 11470 | D:11     | Noticed a two-headed ogre
 11474 | D:11     | Killed a two-headed ogre
 11474 | D:11     | Reached skill level 15 in Axes
 12586 | D:12     | Reached skill level 16 in Axes
 12588 | D:12     | Received a gift from Trog
 12772 | D:12     | Noticed a green ugly thing
 12782 | D:12     | Killed a green ugly thing
 13026 | D:12     | Noticed Psyche
 13028 | D:12     | Killed Psyche
 13028 | D:12     | Reached XP level 12. HP: 110/110 MP: 11/11
 13378 | D:12     | Got a twitching graven amulet
 13380 | D:12     | Identified the amulet of Grontol {Faith rPois rC+} (You found it on level 12 of the Dungeon)
 13403 | D:12     | Noticed a two-headed ogre
 13413 | D:12     | Killed a two-headed ogre
 13635 | D:12     | Noticed Maurice
 13678 | D:12     | Killed Maurice
 14007 | D:12     | Found a sacrificial altar of Ru.
 14230 | D:12     | Noticed a two-headed ogre
 14235 | D:12     | Killed a two-headed ogre
 14397 | Lair:1   | Entered Level 1 of the Lair of Beasts
 14560 | Lair:1   | Reached skill level 17 in Axes
 15001 | Lair:2   | Noticed an eight-headed hydra
 15013 | Lair:2   | Killed an eight-headed hydra
 15019 | Lair:2   | Got a faintly humming scale mail
 15032 | Lair:2   | Identified the +5 scale mail of the Doge {+Blink rElec Int-4} (You found it on level 2 of the Lair of Beasts)
 15032 | Lair:2   | Lost intelligence.
 16003 | Lair:2   | Reached skill level 18 in Axes
 16023 | Lair:2   | Reached XP level 13. HP: 78/119 MP: 12/12
 16259 | Lair:2   | Reached skill level 1 in Maces & Flails
 16492 | Lair:2   | Got a warped shortbow
 16618 | Lair:3   | Found a frozen archway.
 16640 | IceCv    | Entered an ice cave
 17488 | IceCv    | Received a gift from Trog
 17516 | IceCv    | Got an iridescent hand crossbow
 17915 | Lair:3   | Found a staircase to the Shoals.
 18703 | Lair:4   | Found a hole to the Spider Nest.
 19155 | Lair:4   | Reached skill level 19 in Axes
 19721 | Lair:5   | Received a gift from Trog
 19912 | Lair:6   | Entered Level 6 of the Lair of Beasts
 20188 | Lair:6   | Noticed a dire elephant
 20197 | Lair:6   | Killed a dire elephant
 20256 | Lair:6   | Reached XP level 14. HP: 126/130 MP: 4/13
 20398 | Lair:6   | Found a staircase to the Slime Pits.
 20439 | Lair:6   | Reached ****** piety under Trog
 21565 | Lair:6   | Found a burning altar of Makhleb.
 21965 | Lair:6   | Found a gateway to Hell.
 22037 | Lair:6   | Reached skill level 20 in Axes
 22697 | D:13     | Received a gift from Trog
 22763 | D:13     | Found a gate to the Vaults.
 23432 | D:13     | Noticed Azrael
 23730 | Orc:1    | Entered Level 1 of the Orcish Mines
 23734 | Orc:1    | Noticed a stone giant
 23746 | Orc:1    | Demolished by a stone giant

Skill      XL: |  1  2  3  4  5  6  7  8  9 10 11 12 13 14 |
---------------+-------------------------------------------+-----
Fighting       | 4 5 6 7 8 9 11 12 13 14 | 14.6
Axes           | 4 5 7 8 10 12 14 16 18 19 20 | 20.5
Armour         | 3 4 5 7 9 10 12 13 14 | 14.9
Maces & Flails | 3 |  3.4
Dodging        | |  2.1
Evocations     | |  0.6

Action                   |  1- 3 |  4- 6 |  7- 9 | 10-12 | 13-15 || total
-------------------------+-------+-------+-------+-------+-------++-------
Melee: Hand axe          |    67 |   148 |       |       |       ||   215
       Headbutt          |     7 |    19 |    49 |   116 |   146 ||   337
       War axe           |       |       |   157 |       |       ||   157
       Battleaxe         |       |       |    73 |   489 |   246 ||   808
       Flail             |       |       |       |     3 |    30 ||    33
       Executioner's axe |       |       |       |       |   289 ||   289
Invok: Berserk           |     1 |       |       |     2 |       ||     3
       Burn Spellbooks   |       |       |     1 |     3 |     1 ||     5
 Abil: Evoke Flight      |       |       |       |       |     2 ||     2
Evoke: Wand              |       |       |       |     1 |       ||     1
  Use: Scroll            |     5 |     8 |    12 |     8 |     6 ||    39
       Potion            |       |       |       |     1 |     2 ||     3
 Stab: Distracted        |       |       |       |       |     1 ||     1
  Eat: Bread ration      |     1 |       |     2 |       |       ||     3
       Fruit             |     1 |       |       |       |     8 ||     9
       Royal jelly       |       |     1 |     1 |     1 |     8 ||    11
       Chunk             |       |       |    10 |    22 |     2 ||    34
Armor: Animal skin       |     4 |       |       |       |       ||     4
       Scale mail        |    10 |    19 |       |       |       ||    29
       Leather armour    |     1 |       |       |       |       ||     1
       Chain mail        |       |    44 |     4 |       |       ||    48
       Plate armour      |       |       |   127 |   295 |   364 ||   786
Dodge: Dodged            |    37 |    54 |    86 |   154 |   174 ||   505
